 Dungeon Crawl Stone Soup version 0.26.0-3-g156281e41b (webtiles) character file.

Game seed: 1822854931854175515

2688 iamyoyoman the Cleaver (level 9, -6/64 HPs)
             Began as a Formicid Fighter on Jan 9, 2021.
             Was an Elder of Okawaru.
             Splashed by Psyche's acid (11 damage)
             ... on level 8 of the Dungeon.
             The game lasted 00:23:44 (8166 turns).

iamyoyoman the Cleaver (Formicid Fighter)           Turns: 8166, Time: 00:23:44

Health: -6/64      AC: 12    Str: 24    XL:     9   Next: 96%
Magic:  7/9        EV:  8    Int:  7    God:    Okawaru [****..]
Gold:   511        SH:  9    Dex: 11    Spells: 8/8 levels left

rFire    + . .     SeeInvis +   a - +0 war axe
rCold    . . .     Faith    .   c - +0 kite shield
rNeg     . . .     Spirit   .   B - +0 swamp dragon scales
rPois    +         Reflect  .   (helmet unavailable)
rElec    .         Harm     .   f - +0 cloak
rCorr    .         Rampage  .   r - +1 pair of gloves
Will     +....                  w - +0 pair of boots
Stlth    +.........             (no amulet)
HPRegen  0.20/turn              h - ring of protection from fire
MPRegen  0.11/turn              t - ring of willpower

@: no status effects
A: permanent stasis, dig shafts and tunnels, four strong arms, antennae 3
a: Dig, Shaft Self, Renounce Religion, Heroism


You were on level 8 of the Dungeon.
You worshipped Okawaru.
Okawaru was greatly pleased with you.
You visited 2 branches of the dungeon, and saw 9 of its levels.

You collected 511 gold pieces.

Inventory:

Hand Weapons
 a - a +0 war axe (weapon)
 e - a +3 mace
 n - a +0 hunting sling
 A - a +1 halberd of draining
Missiles
 m - 143 stones
 v - 10 curare-tipped darts
 D - a throwing net
Armour
 b - a +0 scale mail
 c - a +0 kite shield (worn)
 f - a +0 cloak (worn)
 r - a +1 pair of gloves (worn)
 w - a +0 pair of boots (worn)
 B - +0 swamp dragon scales (worn)
Jewellery
 h - a ring of protection from fire (left hand)
 q - an uncursed ring of stealth
 t - a ring of willpower (right hand)
Wands
 x - a wand of digging (2)
Scrolls
 g - 2 scrolls of amnesia
 i - 2 scrolls of enchant armour {unknown}
 k - 2 scrolls of magic mapping {unknown}
 l - a scroll of noise {unknown}
 o - 3 scrolls of remove curse
 s - 2 scrolls of identify
 u - a scroll of random uselessness {unknown}
 y - a scroll of fear {unknown}
 C - a scroll of immolation {unknown}
Potions
 d - 4 potions of might
 j - a potion of brilliance
 p - 2 potions of lignification {unknown}
 z - a potion of ambrosia {unknown}


   Skills:
 - Level 3.3 Fighting
 + Level 11.9 Axes
 + Level 4.7 Slings
 - Level 3.3 Armour
 - Level 3.6 Shields


You had 8 spell levels left.
You didn't know any spells.
Your spell library contained the following spells:

 Spells                   Type           Power        Failure   Level
 Magic Dart               Conj           0%           92%         1
 Call Imp                 Summ           0%           98%         2
 Slow                     Hex            0%           98%         2
 Conjure Flame            Conj/Fire      0%           100%        3
 Mephitic Cloud           Conj/Pois/Air  0%           100%        3
 Blink                    Tloc           Unusable     N/A         2

Dungeon Overview and Level Annotations

Branches:
Dungeon (8/15)             Temple (1/1) D:4
   Lair: D:8-11

Altars:
Ashenzari
Cheibriados
Dithmenos
Elyvilon
Fedhas
Gozag
Hepliaklqana
Kikubaaqudgha
Makhleb
Nemelex Xobeh
Okawaru
Qazlal
Ru
Sif Muna
Trog
Uskayaw
Vehumet
Wu Jian
Xom
Yredelemnul
The Shining One

Shops:
D:8 :

Annotations:
D:8 Psyche


Innate Abilities, Weirdness & Mutations

You cannot be hasted, slowed, berserked, paralysed or teleported.
You can dig through walls and to a lower floor.
Your four strong arms can wield two-handed weapons with a shield.
You have a pair of large antennae on your head. (SInv)


Message History

The leopard gecko hisses angrily.
The centaur closely misses you. You block the centaur's attack.
You slash the centaur!
You kill the centaur!
Okawaru accepts your kill.
A kobold comes into view. It is wielding a +3 whip.
Psyche gestures at you while chanting.
The magic dart hits you but does no damage.
You slash Psyche!
Psyche is lightly wounded.
Psyche laughs secretively.
Psyche hits you with a +3 dagger of chaos.
You feel your power leaking away.
A kobold comes into view. It is wielding a -1 club.
Psyche zaps a wand.
The bolt of acid hits you!
You are splashed with acid!
* * * LOW HITPOINT WARNING * * *
Psyche zaps a wand.
The bolt of acid hits you!
* * * LOW HITPOINT WARNING * * *
You are splashed with acid!
You die...

K... #.#.# #.. #...# .K.
####.†# #<... #....>.
#.#'# #.##..# #.#.#
#.##..# #######l#.#
#.##.## ......†@#.#
#.##.# .⌠#####@#.#
#.##.#
.∩.#####(#.######.#.##.#
⌠.⌠..........†....#.##.#
##########.########.##.#
#..............#.##>#
#.####.#####.###.# #.#
#.# #.# #.#####.# #.#
#.....#.# #.#


You could see Psyche (fast, invisible), a leopard gecko and a kobold.

Vanquished Creatures
  Maggie (D:7)
  Grinder (D:4)
  Eustachio (D:5)
  Menkaure (D:5)
  2 sky beasts
  An orc warrior (D:6)
  An ogre (D:7)
  2 centaurs
  3 bullfrogs
  A gnoll sergeant (D:5)
  A scorpion (D:4)
  9 wights
  2 bullfrog zombies (D:5)
  A hound (D:4)
  A quasit (D:6)
  2 centaur skeletons
  2 orc priests (D:5)
  5 orc wizards
  3 worker ants
  A worker ant zombie (D:7)
  11 gnolls
  8 adders
  A shadow imp (D:7)
  4 white imps
  4 worms
  An adder skeleton (D:4)
  A dart slug (D:4)
  5 leopard geckos
  13 orcs
  2 ball pythons
  5 giant cockroaches
  7 goblins
  4 hobgoblins
  2 jackals (D:5)
  2 quokkas
  8 bats
  4 frilled lizards
  2 jackal skeletons (D:4)
  3 kobolds (D:2)
  A leopard gecko zombie (D:5)
  5 rats
134 creatures vanquished.

Vanquished Creatures (others)
  A human (D:4)
1 creature vanquished.

Grand Total: 135 creatures vanquished

Notes
Turn   | Place    | Note
-------+----------+-------------------------------------------
     0 | D:1      | iamyoyoman the Formicid Fighter began the quest for the
                  | Orb.
     0 | D:1      | Reached XP level 1. HP: 18/18 MP: 1/1
   171 | D:1      | Reached XP level 2. HP: 24/24 MP: 2/2
   524 | D:1      | Reached skill level 3 in Axes
   721 | D:2      | Reached XP level 3. HP: 21/29 MP: 3/3
   990 | D:2      | Found a faded altar of an unknown god.
  1392 | D:2      | Reached skill level 4 in Axes
  1392 | D:2      | Reached XP level 4. HP: 34/35 MP: 4/4
  2219 | D:3      | Reached XP level 5. HP: 41/41 MP: 5/5
  2360 | D:4      | Found a staircase to the Ecumenical Temple.
  2374 | D:4      | Reached skill level 5 in Axes
  2391 | D:4      | Found an ancient bone altar of Kikubaaqudgha.
  2409 | Temple   | Entered the Ecumenical Temple
  2494 | Temple   | Became a worshipper of Warmaster Okawaru
  2584 | D:4      | Noticed a human
  2588 | D:4      | Killed a human
  2617 | D:4      | Found a burning altar of Makhleb.
  2665 | D:4      | Noticed Grinder
  2698 | D:4      | Killed Grinder
  2698 | D:4      | Reached * piety under Okawaru
  2699 | D:4      | Reached skill level 6 in Axes
  2699 | D:4      | Reached skill level 1 in Slings
  2699 | D:4      | Reached XP level 6. HP: 7/47 MP: 6/6
  3004 | D:4      | Reached XP level 7. HP: 46/52 MP: 7/7
  3357 | D:5      | Entered Level 5 of the Dungeon
  3408 | D:5      | Noticed Menkaure
  3415 | D:5      | Killed Menkaure
  3416 | D:5      | Reached skill level 7 in Axes
  3561 | D:5      | Found a radiant altar of Vehumet.
  3561 | D:5      | Found a broken altar of Ashenzari.
  3590 | D:5      | Found a shimmering altar of Xom.
  3679 | D:5      | Reached ** piety under Okawaru
  3699 | D:5      | HP: 2/52 [gnoll (3)]
  4050 | D:5      | Reached XP level 8. HP: 37/58 MP: 8/8
  4052 | D:5      | Reached skill level 8 in Axes
  4383 | D:5      | Found a hide-covered altar of Uskayaw.
  4475 | D:5      | Noticed Eustachio
  4553 | D:5      | Killed Eustachio
  5384 | D:6      | Reached skill level 9 in Axes
  6746 | D:7      | Reached *** piety under Okawaru
  6747 | D:7      | Reached XP level 9. HP: 64/64 MP: 9/9
  6810 | D:7      | Noticed Maggie
  6826 | D:7      | Killed Maggie
  6827 | D:7      | Reached skill level 10 in Axes
  7134 | D:7      | Received a gift from Okawaru
  7142 | D:7      | Reached skill level 11 in Axes
  8055 | D:8      | Reached **** piety under Okawaru
  8150 | D:8      | Found Dealih's Book Boutique.
  8153 | D:8      | Noticed Psyche
  8166 | D:8      | Splashed by Psyche's acid

Illustrated notes

Levels and vault maps discovered:
D:1:      wander_arrival_abandoned_jail, layout_basic, st_stairs_9,
          nrook_mini_vaults, serial_bayou_pond_d, minmay_crystal_room,
          minmay_misc_feat_x
D:2:      layout_loops_corners, chequers_ecumenical_altar_simple
D:3:      layout_basic
D:4:      layout_rooms, lemuel_doored_altar, temple_pool_b, tgw_kikubaaqudgha,
          uniq_grinder
D:5:      layout_loops_ring, eat_drink_and_be_merry_uskayaw,
          amethyst_overflow_temple_binary, kennysheep_little_box, uniq_menkaure,
          uniq_eustachio
D:6:      layout_layer_cave
D:7:      layout_basic, bh_walls_and_bars, uniq_maggie
D:8:      layout_basic, gammafunk_ghost_smash, serial_shops, shop_fountains,
          minmay_misc_feat_tower, lemuel_mausoleum_altar_yredelemnul,
          uniq_erica, uniq_psyche, uniq_maurice, uniq_pikel
Temple:   kb_temple_of_zot

Skill      XL: |  1  2  3  4  5  6  7  8  9 |
---------------+----------------------------+-----
Axes           | 3 4 6 7 9 11 | 11.9
Slings         | 1 2 4 |  4.7
Fighting       | |  3.3
Armour         | |  3.3
Shields        | |  3.6

Action                   |  1- 3 |  4- 6 |  7- 9 || total
-------------------------+-------+-------+-------++-------
Melee: War axe           |    93 |    97 |   224 ||   414
       Mace              |       |       |   152 ||   152
 Fire: Hunting sling     |     3 |    12 |     9 ||    24
  Use: Potion            |       |       |     5 ||     5
       Scroll            |       |       |     3 ||     3
 Stab: Distracted        |       |       |     1 ||     1
Armor: Scale mail        |    38 |    42 |   144 ||   224
       Swamp dragon scal |       |       |    46 ||    46
Dodge: Dodged            |    37 |    36 |   137 ||   210
Block: Kite shield       |    47 |    47 |   228 ||   322
